 Dungeon Crawl Stone Soup version 0.31-a0-187-gba352fbbf7 (webtiles) character file.

Game seed: 9937852596407148615

9 qw the Shooter (level 2, -1/16 HPs)
             Began as a Deep Elf Hunter on June 22, 2023.
             Frozen to death by an endoplasm (5 damage)
             ... on level 1 of the Dungeon.
             The game lasted 00:00:04 (112 turns).

qw the Shooter (Deep Elf Hunter)                     Turns: 112, Time: 00:00:04

Health: -1/16      AC:  3    Str:  8    XL:     2   Next: 6%
Magic:  4/4        EV: 12    Int: 13    God:
Gold:   0          SH:  0    Dex: 18    Spells: 1/1 levels left

rFire   . . .        a - +0 shortbow
rCold   . . .        (shield currently unavailable)
rNeg    . . .        c - +0 leather armour
rPois   .            (no helmet)
rElec   .            (no cloak)
rCorr   .            (no gloves)
SInv    .            (no boots)
Will    .....        (no amulet)
Stlth   ++           (no ring)
HPRegen 0.22/turn    (no ring)
MPRegen 0.09/turn

%: no passive effects
@: no status effects
A: no striking features
a: no special abilities


You were on level 1 of the Dungeon.
You visited 1 branch of the dungeon, and saw 1 of its levels.


   Skills:
 - Level 1.5 Fighting
 + Level 6.0 Ranged Weapons
 - Level 2.4 Dodging
 - Level 1.2 Stealth


You had one spell level left.
You didn't know any spells.
Your spell library was empty.

Inventory:

Hand Weapons
 a - a +0 shortbow (weapon)
Armour
 c - a +0 leather armour (worn)
 d - a +0 scale mail
 e - a +0 pair of boots
Jewellery
 g - a +6 ring of dexterity
Scrolls
 b - a scroll of butterflies
 f - a scroll of fear {unknown}

Dungeon Overview and Level Annotations

Branches:
Dungeon (1/15)

Altars:


Message History

a +0 dagger; 3 stones; a kobold corpse
Things that are here:
a +0 dagger; 3 stones; a kobold corpse A goblin comes into view.
It is wielding a +0 dagger.
The goblin shouts!
You hear a shout!
Enter note: You shoot an arrow.
The arrow hits the goblin.
The goblin is severely wounded.
You shoot an arrow.
The arrow hits the goblin but does no damage.
The goblin is severely wounded.
You shoot an arrow. The arrow hits the goblin.
You kill the goblin!
f - a scroll labelled YCZEAG SARUA
Enter note:
g - a +6 ring of dexterity
Enter note: A quokka, 2 endoplasms and a rat come into view.
Enter note: You shoot an arrow.
The arrow hits the rat.
The rat is heavily wounded.
The endoplasm quivers. x2
You shoot an arrow. The arrow hits the rat!
You kill the rat!
You have reached level 2!
You shoot an arrow. The arrow hits the endoplasm.
The endoplasm is almost dead.
The endoplasm freezes you.
You are frozen.
You shoot an arrow. The arrow hits the endoplasm.
You kill the endoplasm!
Your Ranged Weapons skill increases to level 6!
You shoot an arrow. The arrow misses the quokka.
The quokka bites you. The endoplasm freezes you.
You are frozen.
The quokka closely misses you.
You shoot an arrow. The arrow barely misses the quokka.
The endoplasm freezes you.
You are frozen.
You die...

. .# .. #.
#. #.
######J#####
#
......r@...#
.#
.####.####.#
##.### # #.#
......
#.###...#.#
#.#........
#
#.........#
# ... #
###.......#
.#..# .#
#.....).##.
..#.# .#
#.###......


You could see an endoplasm and a quokka.

Vanquished Creatures
  2 endoplasms (D:1)
  2 goblins (D:1)
  A hobgoblin (D:1)
  A kobold (D:1)
  A ball python (D:1)
  A rat (D:1)
8 creatures vanquished.

Notes
Turn   | Place    | Note
-------+----------+-------------------------------------------
     0 | D:1      | qw the Deep Elf Hunter began the quest for the Orb.
     0 | D:1      | Reached XP level 1. HP: 12/12 MP: 3/3
     0 | D:1      | 0 ||| qw: Version: 0.3-a-9-g12657ce
     0 | D:1      | 0 ||| qw: Game counter: 1954
     0 | D:1      | 0 ||| qw: Always use a shield: true
     0 | D:1      | 0 ||| qw: God list: Okawaru
     0 | D:1      | 0 ||| qw: Allow faded altars: false
     0 | D:1      | 0 ||| qw: Do Orc after D:15 true
     0 | D:1      | 0 ||| qw: Do second Lair branch before Depths: true
     0 | D:1      | 0 ||| qw: Lair rune preference: random
     0 | D:1      | 0 ||| qw: Plans: Normal
     0 | D:1      | 0 ||| PLANNING D:1-11
   109 | D:1      | Reached XP level 2. HP: 16/16 MP: 4/4
   111 | D:1      | Reached skill level 6 in Ranged Weapons
   111 | D:1      | HP: 4/16 [frozen (3)]
   112 | D:1      | Frozen to death by an endoplasm

Levels and vault maps discovered:
D:1:      ebering_trefoil_3fold, layout_loops_ring

Skill      XL: |  1  2 |
---------------+-------+-----
Ranged Weapons | 6 |  6.0
Fighting       | |  1.5
Dodging        | |  2.4
Stealth        | |  1.2

Action                     || total
---------------------------++-------
   Fire: Shortbow          ||    23
  Dodge: Dodged            ||     3

Table legend:
 A = Non-vault XP
 B = Vault XP
 C = Vault XP percentage of total XP
 D = Non-vault monster count
 E = Vault monster count
 F = Vault count percentage of total count
                 A         B        C        D         E       F
            +---------+---------+-------+---------+---------+-------
      Total |      14 |       0 |   0.0 |       8 |       0 |   0.0
            +---------+---------+-------+---------+---------+-------
        D:1 |      14 |       0 |   0.0 |       8 |       0 |   0.0
            +---------+---------+-------+---------+---------+-------
